 Dungeon Crawl Stone Soup version 0.18-a0-1799-g6250cb2 (webtiles) character file.

4 esc the Sneak (level 1, -3/15 HPs)
             Began as a Naga Enchanter on Apr 22, 2016.
             Slain by a goblin (4 damage)
             ... on level 1 of the Dungeon on Apr 23, 2016.
             The game lasted 02:04:13 (121 turns).

esc the Sneak (Naga Enchanter)                       Turns: 121, Time: 02:04:14

Health: -3/15      AC:  2    Str: 10    XL:     1   Next: 70%
Magic:  3/3        EV: 10    Int: 15    God:
Gold:   9          SH:  0    Dex: 11    Spells: 1 memorised, 3 levels left

rFire  . . .     SeeInvis +     a - +1 dagger
rCold  . . .     Gourm    .     b - +1 robe
rNeg   . . .     Faith    .     (no shield)
rPois  +         Spirit   .     (no helmet)
rElec  .         Dismiss  .     (no cloak)
rCorr  .         Reflect  .     (no gloves)
SustAt .         Harm     .     (no barding)
MR     .....                    (no amulet)
Stlth  +++.......               (no ring)
                                (no ring)

@: flying, very slow, not resistant to hostile enchantments, fairly stealthy
A: see invisible, deformed body, poison resistance, slowness 2, slow metabolism
1, spit poison 2, AC +0
a: Spit Poison


You were on level 1 of the Dungeon.
You were not hungry.

You visited 1 branch of the dungeon, and saw 1 of its levels.

You collected 9 gold pieces.

Inventory:

Hand Weapons
 a - a +1 dagger (weapon)
Armour
 b - a +1 robe (worn)
Books
 c - a book of Maledictions
Comestibles
 d - a bread ration {@e1}


   Skills:
 + Level 1.1 Short Blades
 + Level 1.7 Dodging
 + Level 4.4 Stealth
 + Level 2.1 Spellcasting
 + Level 3.0 Hexes


You had 3 spell levels left.
You knew the following spells:

 Your Spells              Type           Power        Failure   Level  Hunger
v - Corona                Hex            ##.....      8%          1    #......


Dungeon Overview and Level Annotations

Branches:
Dungeon (1/15)

Altars:


Innate Abilities, Weirdness & Mutations

You cannot wear boots.
Your serpentine skin is tough (AC +0).
You have supernaturally acute eyesight.
Armour fits poorly on your strangely shaped body.
Your system is resistant to poisons.
You cover ground very slowly.
You have a slow metabolism.
You can spit poison.


Message History

Welcome, esc the Naga Enchanter.
The bosom of this dungeon contains the fabled artefact, the Orb of Zot.
Found a glowing red potion and 9 gold pieces.
Found a staircase leading out of the dungeon.
Okay, then.
e - a glowing red potion You now have 9 gold pieces.
A rat and a goblin come into view.
Found a bubbling amethyst potion.
Found a stone staircase leading down.
The helpless goblin fails to defend itself.
You puncture the goblin!
You kill the goblin!
The helpless rat fails to defend itself.
You puncture the rat!
You kill the rat!
You see here a rat corpse.
That item cannot be evoked!
A goblin comes into view. It is wielding a dagger.
The goblin shouts!
The goblin hits you but does no damage.
You hit the goblin. The goblin hits you but does no damage.
You hit the goblin but do no damage. The goblin closely misses you.
You hit the goblin. The goblin hits you with a dagger.
You take 2 damage, and have 13/15 hp.
You hit the goblin.
You kill the goblin!
You see here a dagger.
A hobgoblin comes into view. It is wielding a club.
The hobgoblin moves out of view.
Health restored: 15
There are no items here.
Okay, then.
Aim: a hobgoblin, wielding a club The splash of poison hits the hobgoblin.
The hobgoblin is poisoned.
You feel slightly more hungry.
You hit the hobgoblin.
You kill the hobgoblin!
A bat comes into view.
You have got your breath back.
You see here a club.
You see here a scroll labeled NAOMMA ONER.
You barely miss the bat. The bat hits you.
You take 1 damage, and have 14/15 hp.
The bat barely misses you. The bat hits you but does no damage.
The bat closely misses you.
You closely miss the bat. The bat hits you but does no damage.
The bat closely misses you. The bat closely misses you.
Saving game... please wait.
Welcome back, esc the Naga Enchanter.
A goblin comes into view.
The bat hits you but does no damage.
The goblin shouts!
The bat barely misses you.
A giant gecko comes into view.
The bat hits you but does no damage.
The bat hits you. x2; The goblin hits you.
You take 5 damage, and have 9/15 hp.
MASSIVE DAMAGE!!
There's nothing to close nearby.
The bat misses you. The bat hits you but does no damage. The goblin hits you.
You take 2 damage, and have 7/15 hp.
The bat barely misses you. The bat hits you. The goblin hits you.
* * * LOW HITPOINT WARNING * * *
You take 4 damage, and have 3/15 hp.
MASSIVE DAMAGE!!
Saving game... please wait.
Welcome back, esc the Naga Enchanter.
The bat hits you.
* * * LOW HITPOINT WARNING * * *
The goblin hits you.
* * * LOW HITPOINT WARNING * * *
You take 2 damage, and have 1/15 hp.
Drink which item? (? for menu, Esc to quit)
It was a potion of flight.
You feel very buoyant.
You fly up into the air.
The goblin hits you.
You die...

...##.# .. #...#.# #.# ###
#...#.# # # #.# #..
####...#.##.#.# #.## #.#
#.............# ...# #.#
#...........#
...########.###..b......##
...##..........lg#.......#
...##.####..####@#.......#
.......# #.....?.#......$#
.........#..#)...........#
.......#.#..#.#..#.......#
...#..##.#..#.#..#.......#
...#.... ........#.......#
...#.###.####.#.##########
...#.# #.# #.#.# #.##.# #
....#


You could see a giant gecko (wandering), a goblin and a bat.

Vanquished Creatures
  2 goblins (D:1)
  A hobgoblin (D:1)
  A rat (D:1)
4 creatures vanquished.

Notes
Turn   | Place    | Note
--------------------------------------------------------------
     0 | D:1      | esc the Naga Enchanter began the quest for the Orb.
     0 | D:1      | Reached XP level 1. HP: 15/15 MP: 3/3
   117 | D:1      | HP: 3/15 [goblin (3)]
   118 | D:1      | Upgraded the game from 0.18-a0-1797-gc18daef to 0.18-a0-1799-g6250cb2
   120 | D:1      | HP: 1/15 [goblin (2)]
   121 | D:1      | Slain by a goblin

Vault maps used:
D:1:      scummos_arrival_hexagon, minivault_14

Action                   || total
-------------------------++-------
Melee: Dagger            ||     9
 Abil: Spit Poison       ||     1
  Use: Potion            ||     1
 Stab: Sleeping          ||     2
Armor: Robe              ||     6
Dodge: Dodged            ||     8

Vault maps used:
D:1:      scummos_arrival_hexagon, minivault_14

Table legend:
 A = Turns spent in this place as a percentage of turns spent in the entire game.
 B = Non-inter-level travel turns spent in this place as a percentage of non-inter-level travel turns spent in the entire game.
 C = Inter-level travel turns spent in this place as a percentage of turns spent in this place.
 D = Turns resting spent in this place as a percentage of non-inter-level travel turns spent in this place.
 E = Turns spent auto-exploring this place as a percentage of non-inter-level travel turns spent in this place.
 F = Non-inter-level travel turns spent in this place divided by the number of levels of this place that you've seen.
                   A       B       C       D       E      F
               +-------+-------+-------+-------+-------+----------------------
         Total | 100.0 | 100.0 |   0.0 |   0.0 |   1.2 |  82.0
       Dungeon | 100.0 | 100.0 |   0.0 |   0.0 |   1.2 |  82.0
               +-------+-------+-------+-------+-------+----------------------

Table legend:
 A = Kills in this place as a percentage of kills in entire the game.
 B = Kills by you in this place as a percentage of kills by you in the entire game.
 C = Kills by friends in this place as a percentage of kills by friends in the entire game.
 D = Other kills in this place as a percentage of other kills in the entire game.
 E = Experience gained in this place as a percentage of experience gained in the entire game.
 F = Experience gained in this place divided by the number of levels of this place that you have seen.
                   A       B       C       D       E      F
               +-------+-------+-------+-------+-------+----------------------
         Total | 100.0 | 100.0 |  -nan |  -nan | 100.0 |   7.0
       Dungeon | 100.0 | 100.0 |  -nan |  -nan | 100.0 |   7.0
               +-------+-------+-------+-------+-------+----------------------
